 Dungeon Crawl Stone Soup version 0.20.1-1-g8b1a95d (webtiles) character file.

58 keltmir the Changer (level 3, -5/28 HPs)
             Began as a Draconian Transmuter on Oct 29, 2017.
             Slain by an orc warrior
             ... wielding a +0 scimitar
              (25 damage)
             ... on level 3 of the Dungeon.
             The game lasted 00:08:20 (1812 turns).

keltmir the Changer (Draconian Transmuter)          Turns: 1812, Time: 00:08:20

Health: -5/28      AC:  2    Str: 12    XL:     3   Next: 76%
Magic:  3/6        EV: 19    Int: 14    God:
Gold:   230        SH:  0    Dex: 16    Spells: 2/6 levels left

rFire    . . .     SeeInvis .     - Unarmed
rCold    . . .     Gourm    .   (shield currently unavailable)
rNeg     . . .     Faith    .   (armour unavailable)
rPois    x         Spirit   .   (helmet currently unavailable)
rElec    .         Reflect  .   (cloak currently unavailable)
rCorr    .         Harm     .   (gloves currently unavailable)
MR       .....                  (boots currently unavailable)
Stlth    ++........             (no amulet)
Regen    0.1/turn               (no ring)
MPRegen  0.1/turn               (no ring)

@: spider-form (expiring)
A: unfitting armour, AC +5
a: End Transformation


You were on level 3 of the Dungeon.
You were not hungry.
You were a venomous arachnid creature.
You visited 1 branch of the dungeon, and saw 3 of its levels.

You collected 230 gold pieces.

Inventory:

Hand Weapons
 i - a +1 hunting sling
 m - a +0 club
Missiles
 a - 63 arrows
Armour
 l - a cursed +0 pair of gloves (melded)
Jewellery
 e - an uncursed ring of magical power {unknown}
 o - a +1 ring of evasion {unknown}
Scrolls
 h - 3 scrolls of identify
 k - a scroll of fog
Potions
 f - 2 potions of curing
 j - a potion of brilliance {unknown}
 n - 2 potions of flight {unknown}
Books
 b - a book of Changes

   Spells                             Type                      Level
   a - Beastly Appendage              Transmutation                1
   b - Sticks to Snakes               Transmutation                2
   c - Spider Form                    Transmutation/Poison         3
   d - Ice Form                       Ice/Transmutation            4
   e - Blade Hands                    Transmutation                5
Comestibles
 c - 3 bread rations
 g - 3 fruits


   Skills:
 - Level 1.1 Fighting
 - Level 1.7 Dodging
 - Level 1.0 Stealth
 - Level 3.0 Unarmed Combat
 - Level 2.0 Spellcasting
 + Level 3.9 Transmutations
 + Level 0.2 Poison Magic


You had 2 spell levels left.
You knew the following spells:

 Your Spells              Type           Power        Failure   Level  Hunger
a - Beastly Appendage     Tmut           ##....       14%         1    ##.....
b - Spider Form           Tmut/Pois      #.........   52%         3    ####...


Dungeon Overview and Level Annotations

Branches:
Dungeon (3/15)

Altars:


Innate Abilities, Weirdness & Mutations

((Your plain brown scales are hard. (AC +5)))
You cannot fit into any form of body armour.
((You are cold-blooded and may be slowed by cold attacks.))


Message History

The bat completely misses you. The bat hits you but does no damage.
The bat closely misses you. x2
The frilled lizard completely misses you.
You bite the frilled lizard!
You kill the frilled lizard!
Your transformation is almost over.
The bat completely misses you. x2; The bat closely misses you. x2
You closely miss the bat. The bat misses you. The bat closely misses you. x2
You hit the bat.
The bat is poisoned.
The bat is severely wounded.
The bat completely misses you. The bat misses you. The bat closely misses you.
You hit the bat.
You kill the bat!
The bat misses you. The bat hits you but does no damage.
You see here a bat corpse.
You closely miss the orc warrior. The bat hits you. The bat barely misses you.
The orc warrior hits you with a scimitar!!
Ouch! That really hurt!
You die...

###### #..#
#...... ##.#
#...... ######.##
#...... #.......#
#......
#.#####.######...
#)# #.)# #.....
######†## ##.#
#..... #.#.#obr#
#.###.....
##.#†s#..#
#..#####'#
#.#..###r.# ##.##
#.# ##..##.##..#
#..# #.# #.†##
.b##..###.# #.#
#.## l.. #.# #.##
#.# #..## .. .#
#..# #.# ##..##.#
.# ##.###.#
#.#..#:#sr#
#..##.#
##.#.....#
##.##.#


You could see an orc warrior, a bat and a rat.

Vanquished Creatures
  2 adders (D:3)
  A leopard gecko (D:3)
  2 orcs (D:3)
  9 bats
  A giant cockroach (D:3)
  4 goblins
  4 hobgoblins
  A quokka (D:3)
  3 frilled lizards
  3 kobolds
  8 rats
38 creatures vanquished.

Notes
Turn   | Place    | Note
-------+----------+-------------------------------------------
     0 | D:1      | keltmir the Draconian Transmuter began the quest for the Orb.
     0 | D:1      | Reached XP level 1. HP: 16/16 MP: 3/3
   300 | D:1      | Reached XP level 2. HP: 18/23 MP: 5/5
  1473 | D:3      | Reached XP level 3. HP: 21/28 MP: 4/6
  1630 | D:3      | Learned a level 3 spell: Spider Form
  1691 | D:3      | Reached skill level 1 in Stealth
  1785 | D:3      | Noticed an orc warrior
  1812 | D:3      | Slain by an orc warrior

Skill      XL: |  1  2  3 |
---------------+----------+-----
Transmutations | 3 |  3.9
Stealth        | 1 |  1.0
Fighting       | |  1.1
Dodging        | |  1.7
Unarmed Combat | |  3.0
Spellcasting   | |  2.0
Poison Magic   | |  0.2

Action                   || total
-------------------------++-------
Melee: Unarmed           ||   103
       Tailslap          ||     5
       Kick              ||     7
       Headbutt          ||     2
 Cast: Beastly Appendage ||     8
       Spider Form       ||     2
  Use: Scroll            ||     7
 Stab: Sleeping          ||     1
  Eat: Chunk             ||     3
Armor: Skin              ||    43
Dodge: Dodged            ||   122
